Map: 만발의 정원 래더 (공허의 유산)

Players

Dark - Winner!

  • Race: Zerg Zerg
  • Spawn Location: 7:00

INnoVation

  • Race: Terran Terran
  • Spawn Location: 1:00

Event: IEM Season 11 - Gyeonggi

VOD

https://youtu.be/ZjkzI3ZOqes

Description

Time

  • Played on: Dec. 15, 2016, 11:29 p.m.
  • Length: 14:53

All games in this series

Show
View Real Time Build Order
Export as new Build Order

Dark Zerg - Winner!

Build Orders: Pool First 

Get SALT Encoding   

  12  0:00  Drone  
  13  0:12  Overlord  
  13  0:18  Drone  
  14  0:31  Drone x2  
  14  0:34  Drone  
  17  0:48  Spawning Pool  
  17  0:49  Drone  
  17  1:08  Drone  
  17  1:10  Hatchery  
  17  1:14  Drone  
  18  1:20  Drone  
  18  1:23  Extractor  
  18  1:30  Drone  
  19  1:35  Queen  
  19  1:39  Zergling x2  
  22  1:51  Overlord  
  22  2:03  Hatchery  
  22  2:08  Drone  
  22  2:12  Queen  
  24  2:25  Drone x2  
  24  2:26  Drone  
  24  2:28  Metabolic Boost  
  27  2:33  Drone  
  27  2:35  Drone  
  29  2:43  Drone x2  
  31  2:45  Drone  
  31  2:48  Drone  
  33  2:53  Overlord  
  33  2:58  Drone x2  
  35  3:09  Drone  
  35  3:11  Queen  
  38  3:16  Queen  
  38  3:18  Drone x2  
  42  3:23  Drone x2  
  42  3:25  Overlord  
  44  3:32  Roach Warren  
  44  3:34  Zergling x4  
  44  3:39  Zergling x4  
  48  3:41  Drone  
  48  3:43  Overlord  
  48  3:47  Zergling x2  
  48  3:48  Zergling x2  
  50  3:53  Queen  
  51  4:05  Overlord  
  51  4:06  Drone x2  
  51  4:07  Drone  
  51  4:08  Drone  
  51  4:09  Extractor, Drone x2  
  56  4:12  Extractor  
  55  4:17  Overlord  
  55  4:23  Roach x3  
  55  4:24  Roach x2  
  65  4:27  Overlord  
  65  4:32  Roach  
  65  4:35  Zergling x6  
  65  4:36  Zergling x4  
  72  4:44  Zergling x2  
  72  4:45  Zergling x8  
  72  4:54  Zergling x4  
  65  5:04  Roach  
  65  5:05  Zergling x10, Roach  
  73  5:10  Queen, Zergling x4  
  73  5:11  Zergling x2  
  78  5:16  Ravager x2  
  78  5:17  Ravager  
  78  5:18  Ravager  
  78  5:20  Zergling x4  
  84  5:22  Overlord  
  84  5:27  Ravager  
  85  5:29  Zergling x4  
  85  5:32  Zergling x2  
  88  5:42  Zergling x6  
  94  5:50  Overlord, Roach x4  
  94  5:52  Overlord  
  93  6:06  Roach x2  
  93  6:07  Overlord, Roach  
  97  6:11  Ravager x2  
  99  6:28  Zergling x8  
  99  6:31  Roach x2  
  91  6:33  Roach x3  
  97  6:43  Drone x3  
  97  6:44  Drone x4  
  104  6:51  Drone x2, Lair  
  101  6:57  Drone  
  101  6:58  Drone x2  
  103  7:02  Evolution Chamber  
  103  7:03  Overlord  
  102  7:12  Drone  
  102  7:13  Drone  
  102  7:14  Drone  
  102  7:15  Extractor, Drone  
  105  7:18  Overlord x2, Drone, Evolution Chamber  
  105  7:21  Hatchery  
  105  7:22  Overlord  
  104  7:24  Ravager x4  
  104  7:25  Ravager, Drone x2  
  104  7:26  Drone x2  
  104  7:28  Drone  
  114  7:33  Zerg Missile Weapons Level 1  
  114  7:36  Extractor, Drone  
  114  7:37  Extractor, Drone x3  
  116  7:40  Drone x2  
  118  7:49  Zerg Ground Armor Level 1  
  117  7:57  Drone x3  
  113  7:58  Glial Reconstitution  
  113  8:04  Drone x3  
  113  8:05  Drone x3  
  119  8:06  Overlord  
  119  8:07  Roach x3  
  119  8:11  Roach x2  
  129  8:17  Roach x2  
  129  8:19  Pneumatized Carapace  
  133  8:21  Drone x2  
  133  8:22  Overlord  
  133  8:23  Overlord  
  135  8:30  Roach x2  
  139  8:38  Roach x4  
  139  8:39  Roach  
  149  8:42  Burrow  
  149  8:45  Queen  
  149  8:46  Infestation Pit  
  149  8:50  Drone x2  
  149  8:52  Extractor x2  
  149  8:54  Drone x2  
  151  8:57  Overlord  
  151  9:00  Roach x3  
  157  9:06  Queen  
  157  9:07  Drone x3  
  162  9:13  Overseer  
  162  9:17  Tunneling Claws  
  162  9:18  Roach x2  
  162  9:19  Roach x3  
  162  9:22  Overlord  
  172  9:25  Hive, Hydralisk Den  
  172  9:30  Drone x2  
  172  9:31  Drone x3  
  176  9:37  Overlord  
  176  9:45  Roach x4  
  184  9:49  Overlord x2  
  184  9:51  Zerg Ground Armor Level 2, Zerg Missile Weapons Level 2  
  184  10:02  Roach x5  
  192  10:07  Roach  
  192  10:09  Roach x3  
  192  10:14  Roach x2  
  198  10:15  Overlord  
  198  10:17  Overlord  
  198  10:18  Overlord  
  188  10:32  Hatchery  
  188  10:33  Roach x2  
  183  10:39  Viper x3  
  183  10:41  Hydralisk x4, Muscular Augments  
  194  11:26  Hydralisk x3  
  195  11:37  Hydralisk x3  
  197  11:40  Hydralisk  
  197  11:41  Hydralisk  
  199  11:52  Drone x2  
  199  12:03  Hydralisk x12  
  184  12:16  Roach x9  
  184  12:17  Roach x6  
  192  12:27  Roach x2  
  192  12:28  Roach x6  
  194  12:39  Roach x3  
  198  12:45  Roach  
  198  12:49  Hydralisk x4  
  194  13:00  Roach x3  
  200  13:05  Roach x2  
  174  13:16  Roach x11  
  174  13:19  Hydralisk x4  
  185  13:20  Hydralisk x3  
  192  13:29  Hydralisk x3  
  192  13:31  Ravager x2  
  192  13:33  Hatchery  
  199  13:39  Roach  
  199  13:40  Roach  
  183  13:48  Roach x2  
  178  13:49  Roach x4  
  178  13:51  Roach  
  178  13:52  Roach x3  
  181  13:57  Roach  
  181  13:58  Ravager x7  
  181  13:59  Ravager x4, Roach x2  
  181  14:02  Roach x2  
  200  14:23  Drone x18  
  192  14:24  Hatchery  
  192  14:28  Roach x5  
  198  14:32  Roach  
Show
View Real Time Build Order
Export as new Build Order

INnoVation Terran 

Build Orders: Hellion Opening, Reaper Expand 

Get SALT Encoding   

  12  0:00  SCV  
  13  0:12  SCV  
  14  0:17  Supply Depot  
  14  0:24  SCV  
  15  0:29  Refinery  
  15  0:38  SCV  
  16  0:44  Barracks  
  16  0:50  SCV  
  17  1:03  SCV  
  18  1:15  SCV  
  19  1:30  Reaper, Orbital Command  
  20  1:39  Command Center  
  20  1:50  Factory  
  20  1:56  SCV  
  21  2:07  Barracks Reactor  
  22  2:08  SCV  
  22  2:13  Supply Depot  
  22  2:14  Refinery  
  22  2:20  SCV  
  23  2:34  SCV  
  24  2:42  Factory  
  24  2:46  Hellion x2  
  24  2:47  SCV  
  29  2:52  Orbital Command  
  29  2:53  Barracks Reactor  
  29  2:59  SCV  
  30  3:08  Hellion x2  
  30  3:11  SCV  
  35  3:18  SCV  
  36  3:24  SCV  
  37  3:28  Supply Depot  
  37  3:33  Cyclone x2  
  43  3:36  SCV x2  
  45  3:42  Supply Depot  
  45  3:49  SCV x2, Hellion x2  
  51  4:02  SCV x2  
  52  4:06  Supply Depot  
  52  4:07  Cyclone  
  52  4:08  Cyclone  
  58  4:14  SCV  
  58  4:15  Supply Depot, SCV  
  60  4:26  SCV  
  60  4:27  SCV, Supply Depot  
  60  4:29  Hellion x2  
  66  4:39  SCV x2  
  66  4:44  Cyclone x2  
  74  4:50  Hellion  
  74  4:51  SCV x2, Hellion  
  76  5:03  SCV x2  
  66  5:07  Armory  
  66  5:12  Hellion x2  
  70  5:16  Hellion x2, Command Center  
  74  5:22  Supply Depot  
  74  5:23  SCV x2  
  74  5:27  Refinery  
  74  5:28  Refinery  
  76  5:33  Hellion x2  
  80  5:41  Cyclone x2  
  86  5:45  SCV x2  
  88  5:53  Supply Depot  
  88  5:58  SCV x2, Hellbat x2  
  91  6:11  SCV x2  
  91  6:14  Supply Depot  
  91  6:15  Cyclone x2  
  99  6:21  Terran Vehicle Weapons Level 1  
  99  6:22  Hellion x2  
  99  6:23  SCV  
  99  6:24  SCV  
  96  6:35  SCV  
  96  6:36  SCV  
  93  6:43  Cyclone x2  
  96  6:47  Hellion x2  
  96  6:48  SCV  
  96  6:52  SCV  
  91  7:00  SCV  
  90  7:05  SCV  
  91  7:08  Cyclone x2  
  91  7:12  SCV  
  102  7:15  Hellbat  
  102  7:16  Hellbat  
  102  7:17  SCV, Hellion x4  
  102  7:18  Hellion x2  
  103  7:24  SCV  
  103  7:26  Factory  
  103  7:28  Factory  
  104  7:31  SCV, Factory  
  104  7:36  SCV  
  106  7:43  SCV  
  107  7:45  Hellion  
  107  7:48  SCV, Hellion  
  107  7:49  Supply Depot  
  107  7:50  Supply Depot, Armory  
  112  7:58  Cyclone x2  
  113  7:59  SCV  
  113  8:00  SCV  
  115  8:11  Factory Tech Lab x2  
  115  8:14  Refinery, Factory Tech Lab  
  115  8:15  SCV x2  
  115  8:16  Engineering Bay  
  115  8:17  Refinery  
  115  8:19  Hellion x2  
  121  8:25  Orbital Command  
  121  8:27  SCV x2  
  121  8:29  Siege Tank  
  121  8:33  Siege Tank  
  129  8:36  Siege Tank  
  129  8:41  Hellion x4  
  131  8:42  Hellbat x2  
  131  8:47  Hellion  
  135  8:48  Hellion x2  
  135  8:49  Terran Vehicle Weapons Level 2, Missile Turret  
  135  8:55  Supply Depot  
  135  8:56  Terran Vehicle And Ship Armor Level 1, Supply Depot  
  135  9:05  Hellbat x2  
  135  9:06  Hellbat  
  141  9:11  Infernal Pre-Igniter  
  146  9:17  Siege Tank, Hellbat  
  146  9:19  Siege Tank, Supply Depot  
  146  9:21  Supply Depot  
  149  9:27  Siege Tank  
  149  9:30  Supply Depot  
  148  9:34  Hellbat x3  
  148  9:38  Hellbat, Command Center  
  156  9:43  Missile Turret  
  156  9:44  Supply Depot  
  156  9:49  Siege Tank  
  156  9:51  Siege Tank  
  162  9:57  Hellbat x3  
  162  9:59  Siege Tank  
  173  10:00  Hellbat  
  168  10:15  SCV x2  
  168  10:16  SCV  
  165  10:21  Missile Turret  
  165  10:27  SCV  
  165  10:28  SCV x2  
  160  10:31  Siege Tank x3  
  160  10:35  Missile Turret  
  166  10:40  SCV x3  
  166  10:42  Cyclone x2  
  175  10:44  Cyclone  
  177  10:53  Terran Vehicle And Ship Armor Level 2  
  176  10:57  SCV x3  
  178  11:06  Terran Vehicle Weapons Level 3  
  178  11:10  Missile Turret  
  178  11:14  Siege Tank  
  178  11:18  Siege Tank, SCV  
  175  11:25  Siege Tank  
  175  11:27  Hellbat  
  173  11:35  Hellbat  
  175  11:46  Siege Tank  
  178  11:47  Planetary Fortress  
  178  11:48  SCV  
  178  11:49  Refinery, SCV x2  
  178  11:51  Refinery  
  178  11:52  Siege Tank  
  184  11:59  Hellbat x2  
  188  12:04  Siege Tank  
  188  12:06  SCV  
  170  12:18  Cyclone x2  
  176  12:25  Siege Tank  
  179  12:30  Missile Turret  
  179  12:31  Siege Tank  
  179  12:36  Siege Tank  
  182  12:46  Hellbat x2  
  183  12:57  Siege Tank  
  179  13:03  Siege Tank  
  182  13:09  Siege Tank  
  182  13:12  Hellbat x3  
  165  13:13  Cyclone  
  111  13:29  Siege Tank  
  111  13:33  Missile Turret  
  116  13:34  Hellion  
  116  13:35  Siege Tank, Hellion  
  116  13:41  Siege Tank  
  110  13:47  Hellion x2  
  97  14:00  Cyclone x3  
  97  14:01  Siege Tank  
  100  14:03  Hellbat  
  100  14:07  Siege Tank  
  100  14:09  Command Center  
  105  14:14  Siege Tank  
  102  14:25  Hellbat  
  93  14:32  Hellbat x3  

Tags
 
Add a new tag
Caveats
  • Supply blocks, unpowered buildings, or Contaminate may cause inaccurate times.
  • Supply counts are checked every 10 seconds.